 Dungeon Crawl Stone Soup version 0.30-a0-165-g1891117ce2 (webtiles) character file.

Game seed: 7100409629617457248

354 qw the Chopper (level 6, -1/38 HPs)
             Began as a Gargoyle Fighter on Sept 28, 2022.
             Slain by an orc warrior
             ... wielding a +0 battleaxe
              (6 damage)
             ... on level 4 of the Dungeon.
             The game lasted 00:01:37 (4211 turns).

qw the Chopper (Gargoyle Fighter)                   Turns: 4211, Time: 00:01:37

Health: -1/38      AC: 13    Str: 21    XL:     6   Next: 63%
Magic:  6/6        EV:  9    Int:  7    God:
Gold:   31         SH:  4    Dex: 13    Spells: 5/5 levels left

rFire   . . .      SeeInvis .    Y - +0 war axe
rCold   . . .      Faith    .    c - +0 buckler
rNeg    + . .      Spirit   .    b - +0 scale mail
rPois   inf        Reflect  .    j - +1 helmet
rElec   +          Harm     .    (no cloak)
rCorr   .          Rampage  .    (no gloves)
Will    .....                    (no boots)
Stlth   ..........               (no amulet)
HPRegen 0.12/turn                (no ring)
MPRegen 0.10/turn                (no ring)

@: about to teleport
A: sickness immunity, AC +4, negative energy resistance 1, electricity
resistance, torment resistance 1, petrification resistance, agile 1, evolution 1
a: no special abilities


You were on level 4 of the Dungeon.
You visited 1 branch of the dungeon, and saw 4 of its levels.

You collected 166 gold pieces.
You spent 135 gold pieces at shops.


Innate Abilities, Weirdness & Mutations

You are immune to sickness and miasma.
Your stone body is resilient. (AC +4)
You are immune to poison.
You resist negative energy. (rN+)
You are resistant to electric shocks. (rElec)
You are resistant to unholy torment.
You are immune to petrification.
You are agile. (Dex +4, Str/Int -1)
You have hidden genetic potential.


   Skills:
 - Level 4.2 Fighting
 + Level 5.6 Axes
 - Level 3.2 Armour
 - Level 1.0 Dodging
 - Level 3.2 Shields


You had 5 spell levels left.
You didn't know any spells.
Your spell library was empty.

Inventory:

Hand Weapons
 h - a +0 whip
 Y - a +0 war axe (weapon)
Missiles
 a - 2 boomerangs (quivered)
Armour
 b - a +0 scale mail (worn)
 c - a +0 buckler (worn)
 j - a +1 helmet (worn)
Scrolls
 l - a scroll of teleportation
Potions
 d - 2 potions of might
 e - 3 potions of heal wounds
 f - a potion of ambrosia {unknown}
 g - a potion of attraction {unknown}
 i - a potion of mutation
 k - 3 potions of curing {unknown}
 m - a potion of resistance {unknown}
 n - 2 potions of lignification

Dungeon Overview and Level Annotations

Branches:
Dungeon (4/15)
 Temple: D:4-7

Altars:
Nemelex Xobeh
Yredelemnul

Shops:
D:4 *

Annotations:
D:3 2 runed translucent doors, Crazy Yiuf


Message History

You feel less confused.
The orc wizard mumbles some strange words.
The orc wizard flickers and vanishes!
Deactivating autopickup; reactivate with Ctrl-A.
The orc warrior hits you but does no damage.
You hit the orc warrior.
The orc warrior is heavily wounded.
You closely miss something. Something hits you.
The orc warrior closely misses you.
You hit the orc warrior.
The orc warrior is heavily wounded.
You closely miss something. You block the orc warrior's attack.
You hit the orc warrior.
The orc warrior is severely wounded.
You closely miss something. You closely miss the orc.
The orc warrior barely misses you.
You hear some strange, mumbled words.
Something tries to affect you, but you resist.
The orc hits you but does no damage. Something hits you but does no damage.
The orc hits you with a +1 dagger of draining.
You block the orc warrior's attack.
You closely miss the orc warrior.
The orc warrior is severely wounded.
You closely miss the orc. You miss something.
Something hits you but does no damage.
The orc warrior hits you but does no damage.
The orc hits you but does no damage.
You closely miss the orc warrior.
The orc warrior is severely wounded.
You closely miss something. You closely miss the orc.
You hear some strange, mumbled words.
Something tries to affect you, but you resist.
You block the orc's attack.
The orc warrior hits you with a +0 battleaxe!
4211 ||| READING 2 scrolls of teleportation.
As you read the scroll of teleportation, it crumbles to dust.
You feel strangely unstable.
The orc warrior hits you with a +0 battleaxe.
You die...

#..# #.# #..## #.#
#...# #.# #.#.# #.#
#.#.# #.# #.#.# #.#
#.##.#.## ##o##
#........
#.@o##########.#.##
#...........##.#...
#...#######.#...###
##### #.#.#....
#.#...### #.##.#
#.##.# #.##.#
##########.##.#


You could see an orc warrior and an orc.

Vanquished Creatures
  A scorpion (D:2)
  Jessica (D:3)
  An iguana (D:4)
  Natasha (thrice) (D:2)
  Robin (D:2)
  8 adders
  A worm (D:4)
  2 dart slugs
  An orc (D:4)
  4 bats
  2 endoplasms
  2 giant cockroaches
  20 goblins
  9 hobgoblins
  4 quokkas
  4 ball pythons
  11 frilled lizards
  A goblin skeleton (D:3)
  A jackal skeleton (D:3)
  6 kobolds
  A kobold zombie (D:3)
  A rat (D:1)
85 creatures vanquished.

Vanquished Creatures (others)
  8 plants (D:2)
8 creatures vanquished.

Grand Total: 93 creatures vanquished

Notes
Turn   | Place    | Note
-------+----------+-------------------------------------------
     0 | D:1      | qw the Gargoyle Fighter began the quest for the Orb.
     0 | D:1      | Reached XP level 1. HP: 14/14 MP: 1/1
     0 | D:1      | 0 ||| qw: Version: 0.2-a-12-gaebbb33
     0 | D:1      | 0 ||| qw: Game counter: 782
     0 | D:1      | 0 ||| qw: Always use a shield: true
     0 | D:1      | 0 ||| qw: God list: Okawaru
     0 | D:1      | 0 ||| qw: Allow faded altars: false
     0 | D:1      | 0 ||| qw: Do Orc after D:15 true
     0 | D:1      | 0 ||| qw: Do second Lair branch before Depths: true
     0 | D:1      | 0 ||| qw: Lair rune preference: random
     0 | D:1      | 0 ||| qw: Plans: Normal, Zot:1-4, God:TSO, Crypt, Tomb,
                  | Pan, Slime:5, Hells, Abyss, Orb
     0 | D:1      | 0 ||| PLANNING D:1-11
    23 | D:1      | Found a faded altar of an unknown god.
    44 | D:1      | Reached skill level 2 in Axes
   403 | D:1      | 403 ||| READING 3 scrolls labelled SAXIOCHUDEGO.
   404 | D:1      | 404 ||| READING scroll labelled OMUVVATAFI.
   405 | D:1      | 405 ||| READING scroll labelled XYIGEOSMUQAWN.
   676 | D:1      | 676 ||| Stepping ~*~*~tactically~*~*~ (stealth).
   717 | D:1      | 717 ||| DROPPING +0 club.
   730 | D:1      | Reached XP level 2. HP: 18/19 MP: 2/2
   933 | D:1      | 933 ||| Stepping ~*~*~tactically~*~*~ (stealth).
   934 | D:1      | 934 ||| Stepping ~*~*~tactically~*~*~ (stealth).
   964 | D:1      | 964 ||| READING scroll labelled RIODET VITZ.
   965 | D:1      | 965 ||| READING scroll labelled HUGUHA PATUTZO.
  1066 | D:1      | 1066 ||| DRINKING 4 fuming orange potions.
  1067 | D:1      | 1067 ||| DROPPING 2 scrolls of noise.
  1135 | D:2      | 1135 ||| Stepping ~*~*~tactically~*~*~ (stealth).
  1166 | D:2      | Reached skill level 3 in Axes
  1183 | D:2      | 1183 ||| FLEEEEING.
  1184 | D:2      | 1184 ||| FLEEEEING.
  1185 | D:2      | 1185 ||| FLEEEEING.
  1186 | D:2      | 1186 ||| FLEEEEING.
  1187 | D:2      | 1187 ||| FLEEEEING.
  1188 | D:2      | 1188 ||| FLEEEEING.
  1198 | D:2      | Reached XP level 3. HP: 17/23 MP: 3/3
  1403 | D:2      | 1403 ||| Stepping ~*~*~tactically~*~*~ (stealth).
  1404 | D:2      | 1404 ||| Stepping ~*~*~tactically~*~*~ (stealth).
  1421 | D:2      | 1421 ||| FLEEEEING.
  1422 | D:2      | 1422 ||| FLEEEEING.
  1423 | D:2      | 1423 ||| FLEEEEING.
  1424 | D:2      | 1424 ||| FLEEEEING.
  1425 | D:2      | 1425 ||| FLEEEEING.
  1427 | D:2      | 1427 ||| FLEEEEING.
  1428 | D:2      | 1428 ||| FLEEEEING.
  1429 | D:2      | 1429 ||| FLEEEEING.
  1430 | D:2      | 1430 ||| FLEEEEING.
  1431 | D:2      | 1431 ||| FLEEEEING.
  1432 | D:2      | 1432 ||| FLEEEEING.
  1438 | D:2      | 1438 ||| FLEEEEING.
  1439 | D:2      | 1439 ||| FLEEEEING.
  1440 | D:2      | 1440 ||| FLEEEEING.
  1441 | D:2      | 1441 ||| FLEEEEING.
  1442 | D:2      | 1442 ||| FLEEEEING.
  1443 | D:2      | 1443 ||| FLEEEEING.
  1444 | D:2      | 1444 ||| FLEEEEING.
  1450 | D:2      | 1450 ||| FLEEEEING.
  1451 | D:2      | 1451 ||| FLEEEEING.
  1452 | D:2      | 1452 ||| FLEEEEING.
  1453 | D:2      | 1453 ||| FLEEEEING.
  1454 | D:2      | 1454 ||| FLEEEEING.
  1455 | D:2      | 1455 ||| FLEEEEING.
  1456 | D:2      | 1456 ||| FLEEEEING.
  1463 | D:2      | 1463 ||| FLEEEEING.
  1464 | D:2      | 1464 ||| FLEEEEING.
  1465 | D:2      | 1465 ||| FLEEEEING.
  1471 | D:2      | 1471 ||| FLEEEEING.
  1472 | D:2      | 1472 ||| FLEEEEING.
  1473 | D:2      | 1473 ||| FLEEEEING.
  1474 | D:2      | 1474 ||| FLEEEEING.
  1476 | D:2      | 1476 ||| FLEEEEING.
  1477 | D:2      | 1477 ||| FLEEEEING.
  1478 | D:2      | 1478 ||| FLEEEEING.
  1482 | D:2      | 1482 ||| STAIRDANCE
  1519 | D:1      | 1519 ||| READING 3 scrolls labelled DOBYSS YGRI.
  1520 | D:1      | 1520 ||| READING scroll labelled XUKONUDWIA.
  1521 | D:1      | 1521 ||| DROPPING 2 scrolls of blinking.
  1603 | D:2      | Reached XP level 4. HP: 28/28 MP: 4/4
  1665 | D:2      | Noticed Robin
  1666 | D:2      | 1666 ||| Stepping ~*~*~tactically~*~*~ (stealth).
  1668 | D:2      | 1668 ||| FLEEEEING.
  1969 | D:2      | Noticed Natasha
  1977 | D:2      | Killed Natasha
  1978 | D:2      | Reached skill level 4 in Axes
  2001 | D:2      | Noticed Natasha
  2002 | D:2      | 2002 ||| Stepping ~*~*~tactically~*~*~ (stealth).
  2003 | D:2      | 2003 ||| Stepping ~*~*~tactically~*~*~ (stealth).
  2004 | D:2      | 2004 ||| Stepping ~*~*~tactically~*~*~ (stealth).
  2078 | D:2      | Killed Natasha
  2168 | D:2      | Noticed Natasha
  2169 | D:2      | 2169 ||| Stepping ~*~*~tactically~*~*~ (stealth).
  2179 | D:2      | Killed Natasha
  2180 | D:2      | Reached XP level 5. HP: 27/32 MP: 5/5
  2311 | D:2      | 2311 ||| Stepping ~*~*~tactically~*~*~ (hiding).
  2347 | D:2      | 2347 ||| Stepping ~*~*~tactically~*~*~ (stealth).
  2352 | D:2      | 2352 ||| Stepping ~*~*~tactically~*~*~ (stealth).
  2354 | D:2      | 2354 ||| Stepping ~*~*~tactically~*~*~ (stealth).
  2356 | D:2      | 2356 ||| Stepping ~*~*~tactically~*~*~ (stealth).
  2364 | D:2      | Killed Robin
  2365 | D:2      | Reached skill level 5 in Axes
  2552 | D:2      | Reached XP level 6. HP: 38/38 MP: 6/6
  2635 | D:2      | 2635 ||| UPGRADING to +0 helmet.
  2640 | D:2      | 2640 ||| DRINKING 2 murky brown potions.
  2640 | D:2      | Gained mutation: You have hidden genetic potential. [potion
                  | of mutation]
  2640 | D:2      | Gained mutation: You are agile. (Dex +4, Str/Int -1)
                  | [potion of mutation]
  2981 | D:3      | 2981 ||| Stepping ~*~*~tactically~*~*~ (stealth).
  2982 | D:3      | 2982 ||| Stepping ~*~*~tactically~*~*~ (stealth).
  2987 | D:3      | Reached skill level 1 in Dodging
  2995 | D:3      | 2995 ||| Stepping ~*~*~tactically~*~*~ (stealth).
  3042 | D:3      | Noticed Jessica
  3043 | D:3      | 3043 ||| Stepping ~*~*~tactically~*~*~ (hiding).
  3045 | D:3      | 3045 ||| Stepping ~*~*~tactically~*~*~ (hiding).
  3050 | D:3      | Killed Jessica
  3106 | D:3      | Found a runed translucent door.
  3106 | D:3      | Noticed a human
  3118 | D:3      | Found a basalt altar of Yredelemnul.
  3233 | D:3      | 3233 ||| Stepping ~*~*~tactically~*~*~ (hiding).
  3409 | D:3      | Found a runed translucent door.
  3410 | D:3      | Noticed Crazy Yiuf
  3557 | D:3      | Found a sparkling altar of Nemelex Xobeh.
  3640 | D:3      | 3640 ||| READING scroll labelled JIUCSA VUABREIMN.
  3772 | D:4      | Found Ucycucu's General Store.
  3787 | D:4      | 3787 ||| Stepping ~*~*~tactically~*~*~ (stealth).
  3794 | D:4      | 3794 ||| BUYING potion of lignification (30 gold).
  3794 | D:4      | Bought a potion of lignification for 30 gold pieces
  3794 | D:4      | 3794 ||| BUYING scroll of enchant armour (75 gold).
  3794 | D:4      | Bought a scroll of enchant armour for 75 gold pieces
  3794 | D:4      | 3794 ||| BUYING scroll of teleportation (30 gold).
  3794 | D:4      | Bought a scroll of teleportation for 30 gold pieces
  3794 | D:4      | 3794 ||| READING scroll of enchant armour.
  3794 | D:4      | 3794 ||| ENCHANTING +0 helmet.
  3906 | D:4      | 3906 ||| Stepping ~*~*~tactically~*~*~ (stealth).
  3907 | D:4      | 3907 ||| Stepping ~*~*~tactically~*~*~ (stealth).
  4192 | D:4      | Noticed an orc warrior
  4210 | D:4      | HP: 4/38 [orc warrior/+0 battleaxe (7)]
  4211 | D:4      | 4211 ||| READING 2 scrolls of teleportation.
  4211 | D:4      | Slain by an orc warrior

Levels and vault maps discovered:
D:1:      minmay_arrival_four_circles, layout_loops_ring,
          serial_co_window_serial, co_window_of_opportunity_a,
          co_window_corner_a, co_window_paths_b, co_window_corner_a,
          co_window_of_opportunity_a, co_window_corner_b, co_window_broadway_b,
          co_window_unsneaky_path_a, co_window_corner_b, co_window_broadway_c,
          glass_columns_c, glass_columns_c, shapermc_ecumenical_altar_venn
D:2:      layout_loops_ring, dreamdust_princess_bridge, minmay_lizard_king,
          uniq_natasha, uniq_robin
D:3:      layout_basic, nemelex_diamond_rough_becter, dk_yredelemnul_ordeal,
          minmay_goblin_outpost, uniq_jessica, uniq_crazy_yiuf_cottage
D:4:      layout_loops_ring, amethyst_overflow_temple_binary, serial_shops,
          nicolae_shop_competitors_out_of_business

Skill      XL: |  1  2  3  4  5  6 |
---------------+-------------------+-----
Axes           | 2 3 4 5 |  5.6
Fighting       | 4 |  4.2
Dodging        | 1 |  1.0
Armour         | |  3.2
Shields        | |  3.2

Action                   |  1- 3 |  4- 6 || total
-------------------------+-------+-------++-------
Melee: War axe           |    71 |   187 ||   258
Throw: Boomerang         |     2 |    69 ||    71
  Use: Scroll            |     7 |     3 ||    10
       Potion            |     1 |     1 ||     2
Armor: Scale mail        |    31 |   102 ||   133
Dodge: Dodged            |    39 |    81 ||   120
Block: Buckler           |    10 |    35 ||    45

Table legend:
 A = Non-vault XP
 B = Vault XP
 C = Vault XP percentage of total XP
 D = Non-vault monster count
 E = Vault monster count
 F = Vault count percentage of total count
                 A         B        C        D         E       F
            +---------+---------+-------+---------+---------+-------
      Total |     368 |     139 |  27.4 |      51 |      34 |  40.0
            +---------+---------+-------+---------+---------+-------
        D:1 |      11 |       0 |   0.0 |       7 |       0 |   0.0
        D:2 |     234 |      77 |  24.8 |      22 |      19 |  46.3
        D:3 |      27 |      62 |  69.7 |       9 |      15 |  62.5
        D:4 |      96 |       0 |   0.0 |      13 |       0 |   0.0
            +---------+---------+-------+---------+---------+-------
